CBL
MEMPHIS BLUES @ WASHINGTON GENERALS
06/19/2053
 
TOP OF THE 1ST
Memphis Blues batting - Pitching for Washington Generals : RHP Juan Hernández
Pitching: RHP Juan Hernández
Batting: RHB Bobby Castoro 0-0: Ball
1-0: Swinging Strike
1-1: Ball
2-1: Called Strike
2-2: Foul Ball, location: 2F
2-2: Strikes out looking
Batting: LHB Dan Gaccione 0-0: Ball
1-0: Foul Ball, location: 3FF
1-1: Swinging Strike
1-2: Ball
2-2: Ball
3-2: Foul Ball, location: 2F
3-2: Strikes out swinging
Batting: SHB Jesús Escobedo 0-0: SOLO HOME RUN (Flyball, 7LD, EV 93.8 MPH), Distance : 356 ft
Batting: RHB Dave Goff 0-0: Ball
1-0: Ball
2-0: Called Strike
2-1: Ground out 4-3 (Groundball, 34D, EV 96.9 MPH)
Top of the 1st over - 1 run, 1 hit, 0 errors, 0 left on base; Memphis 1 - Washington 0
BOTTOM OF THE 1ST
Washington Generals batting - Pitching for Memphis Blues : RHP Jim Shue
Pitching: RHP Jim Shue
Batting: LHB Don Stango 0-0: Called Strike
0-1: Ball
1-1: Ball
2-1: Swinging Strike
2-2: Ball
3-2: SINGLE (Groundball, 4S, EV 69.4 MPH) (infield hit)
Batting: RHB Mitch Kozlosky 0-0: Ball
1-0: Fly out, F8 (Flyball, 8RS, EV 90.6 MPH)
Batting: LHB José Deleón 0-0: Ball
1-0: Foul Ball, location: 2RF
1-1: Called Strike
1-2: Strikes out looking
Batting: RHB Josh Comingore 0-0: Called Strike
0-1: Ball
1-1: Ball
2-1: Fly out, F9 (Flyball, 9S, EV 89.4 MPH)
Bottom of the 1st over - 0 runs, 1 hit, 0 errors, 1 left on base; Memphis 1 - Washington 0
TOP OF THE 2ND
Memphis Blues batting - Pitching for Washington Generals : RHP Juan Hernández
Batting: RHB Brad Benson 0-0: Ball
1-0: Fly out, F7 (Flyball, 78S, EV 75.6 MPH)
Batting: RHB Héctor Castro 0-0: Called Strike
0-1: Swinging Strike
0-2: Foul Ball, location: 9LSF
0-2: Ball
1-2: Ball
2-2: Strikes out swinging
Batting: LHB Beau Wainright 0-0: Ball
1-0: Fly out, F4 (Popup, 4D, EV 68.1 MPH)
Top of the 2nd over - 0 runs, 0 hits, 0 errors, 0 left on base; Memphis 1 - Washington 0
BOTTOM OF THE 2ND
Washington Generals batting - Pitching for Memphis Blues : RHP Jim Shue
Batting: SHB John Nemecek 0-0: Ball
1-0: Ground out 4-3 (Groundball, 4, EV 80.6 MPH)
Batting: LHB Mike Chachere 0-0: SOLO HOME RUN (Flyball, 9LD, EV 95.6 MPH), Distance : 340 ft
Batting: SHB Dave Silva 0-0: Called Strike
0-1: Ball
1-1: Fly out, F5 (Popup, 5, EV 73.8 MPH)
Batting: RHB Théo Angot 0-0: Ball
1-0: Foul Ball, location: 9LSF
1-1: Ball
2-1: Foul Ball, location: 2F
2-2: Ball
3-2: SINGLE (Line Drive, 89S, EV 110.0 MPH)
Batting: RHB Sean Forward 0-0: Called Strike
0-1: Ball
1-1: Swinging Strike
1-2: SINGLE (Groundball, 4MD, EV 103.8 MPH)
Théo Angot to second
Runner from 2nd tries for 3rd, SAFE, throw by CF made to third
Batting: LHB Don Stango 0-0: Fly out, F6 (Popup, 6M, EV 55.6 MPH)
Bottom of the 2nd over - 1 run, 3 hits, 0 errors, 2 left on base; Memphis 1 - Washington 1
TOP OF THE 3RD
Memphis Blues batting - Pitching for Washington Generals : RHP Juan Hernández
Batting: SHB Dominic Sackett Jr. 0-0: Ball
1-0: Foul Ball, location: 2F
1-1: Fly out, F8 (Flyball, 8RD, EV 109.4 MPH)
Batting: LHB Will Bettelheim 0-0: Called Strike
0-1: Ground out 6-3 (Groundball, 6MS, EV 86.3 MPH)
Batting: RHB Bobby Castoro 0-0: Ball
1-0: Foul Ball, location: 2F
1-1: Swinging Strike
1-2: Ball
2-2: Strikes out swinging
Top of the 3rd over - 0 runs, 0 hits, 0 errors, 0 left on base; Memphis 1 - Washington 1
BOTTOM OF THE 3RD
Washington Generals batting - Pitching for Memphis Blues : RHP Jim Shue
Batting: RHB Mitch Kozlosky 0-0: Called Strike
0-1: Ball
1-1: Fly out, F7 (Flyball, 7LDF, EV 80.0 MPH)
Batting: LHB José Deleón 0-0: Ball
1-0: Ball
2-0: Called Strike
2-1: Ball
3-1: Foul Ball, location: 2F
3-2: Fly out, F9 (Flyball, 89D, EV 105.0 MPH)
Batting: RHB Josh Comingore 0-0: Ball
1-0: Ball
2-0: Ball
3-0: Called Strike
3-1: Foul Ball, location: 2F
3-2: Base on Balls
Batting: SHB John Nemecek 0-0: Ball
1-0: Ball
2-0: SINGLE (Line Drive, 9LS, EV 95.0 MPH)
Josh Comingore to second
Runner from 2nd tries for 3rd, SAFE, no throw by RF
Batting: LHB Mike Chachere 0-0: Swinging Strike
0-1: Ball
1-1: Ground out 1-3 (Groundball, 25, EV 73.8 MPH)
Bottom of the 3rd over - 0 runs, 1 hit, 0 errors, 2 left on base; Memphis 1 - Washington 1
TOP OF THE 4TH
Memphis Blues batting - Pitching for Washington Generals : RHP Juan Hernández
Batting: LHB Dan Gaccione 0-0: Called Strike
0-1: Ball
1-1: Called Strike
1-2: Strikes out looking
Batting: SHB Jesús Escobedo 0-0: Called Strike
0-1: Swinging Strike
0-2: SINGLE (Groundball, 6, EV 80.0 MPH) (infield hit)
Batting: RHB Dave Goff 0-0: Ball
1-0: Ball
2-0: Fly out, F8 (Line Drive, 89D, EV 102.5 MPH)
Batting: RHB Brad Benson 0-0: Foul Ball, location: 7LDF
0-1: SINGLE (Line Drive, 5D, EV 63.1 MPH)
Jesús Escobedo to second
Batting: RHB Héctor Castro 0-0: Ball
1-0: Fielders Choice at 2nd, 6-4 (Groundball, 6, EV 95.0 MPH)
Top of the 4th over - 0 runs, 2 hits, 0 errors, 2 left on base; Memphis 1 - Washington 1
BOTTOM OF THE 4TH
Washington Generals batting - Pitching for Memphis Blues : RHP Jim Shue
Batting: SHB Dave Silva 0-0: Ball
1-0: Called Strike
1-1: SINGLE (Flyball, 3D, EV 96.9 MPH)
Batting: RHB Théo Angot 0-0: Called Strike
0-1: Foul Ball, location: 2RF
0-2: Fly out, F2 (Popup, 23F, EV 77.5 MPH)
Batting: RHB Sean Forward 0-0: Ball
1-0: Called Strike
1-1: Ball
2-1: Fly out, F7 (Flyball, 7S, EV 90.0 MPH)
Batting: LHB Don Stango 0-0: Ball
1-0: Ball
2-0: Swinging Strike
2-1: Ball
3-1: Base on Balls
Dave Silva to second
Batting: RHB Mitch Kozlosky 0-0: Ball
1-0: Ball
2-0: Foul Ball, location: 9LSF
2-1: Ball
3-1: Swinging Strike
3-2: Foul Ball, location: 5SF
3-2: Base on Balls
Dave Silva to third
Don Stango to second
Batting: LHB José Deleón 0-0: Ball
1-0: Ball
2-0: Called Strike
2-1: Fly out, F8 (Flyball, 8RD, EV 84.4 MPH)
Bottom of the 4th over - 0 runs, 1 hit, 0 errors, 3 left on base; Memphis 1 - Washington 1
TOP OF THE 5TH
Memphis Blues batting - Pitching for Washington Generals : RHP Juan Hernández
Batting: LHB Beau Wainright 0-0: Ball
1-0: Fly out, F9 (Flyball, 9LS, EV 91.3 MPH)
Batting: SHB Dominic Sackett Jr. 0-0: Called Strike
0-1: Ball
1-1: Ball
2-1: Ball
3-1: Called Strike
3-2: SINGLE (Line Drive, 6MD, EV 97.5 MPH)
Batting: LHB Will Bettelheim 0-0: Ball
1-0: Ball
2-0: Ground out 4-3 (Groundball, 34, EV 102.5 MPH)
Dominic Sackett Jr. to second
Batting: RHB Bobby Castoro 0-0: SINGLE (Line Drive, 7LM, EV 91.9 MPH)
Dominic Sackett Jr. to third
Runner from 3rd tries for Home, SAFE, throw by LF to home
Bobby Castoro to second
Batting: LHB Dan Gaccione 0-0: Ball
1-0: Called Strike
1-1: SINGLE (Line Drive, 89S, EV 110.6 MPH)
Bobby Castoro to third
Runner from 3rd tries for Home, SAFE, throw by RF to home
Batting: SHB Jesús Escobedo 0-0: Called Strike
0-1: Ball
Wild Pitch!
Dan Gaccione to second
1-1: Ball
2-1: Foul Ball, location: 25F
2-2: Ball
3-2: Base on Balls
Batting: RHB Dave Goff 0-0: Foul Ball, location: 2F
0-1: Ball
1-1: Foul Ball, location: 2F
1-2: Ball
2-2: Foul Ball, location: 2F
2-2: Ball
3-2: Fly out, F7 (Flyball, 7D, EV 100.0 MPH)
Top of the 5th over - 2 runs, 3 hits, 0 errors, 2 left on base; Memphis 3 - Washington 1
BOTTOM OF THE 5TH
Washington Generals batting - Pitching for Memphis Blues : RHP Jim Shue
Batting: RHB Josh Comingore 0-0: Ball
1-0: Ball
2-0: Ball
3-0: Called Strike
3-1: Foul Ball, location: 2F
3-2: Fly out, F4 (Popup, 34, EV 57.5 MPH)
Batting: SHB John Nemecek 0-0: Ball
1-0: Ground out U3 (Groundball, 34, EV 91.9 MPH)
Batting: LHB Mike Chachere 0-0: Called Strike
0-1: Foul Ball, location: 7LMF
0-2: Ball
1-2: Foul Ball, location: 5SF
1-2: Strikes out swinging
Bottom of the 5th over - 0 runs, 0 hits, 0 errors, 0 left on base; Memphis 3 - Washington 1
TOP OF THE 6TH
Memphis Blues batting - Pitching for Washington Generals : RHP Juan Hernández
Batting: RHB Brad Benson 0-0: SINGLE (Line Drive, 8RS, EV 104.4 MPH)
Batting: RHB Héctor Castro 0-0: Called Strike
0-1: Ball
1-1: Ball
2-1: Reached on error, E5 (Groundball, 56, EV 86.3 MPH)
Brad Benson to second
Batting: LHB Beau Wainright 0-0: Ball
Brad Benson steals 3rd base
1-0: Swinging Strike
1-1: Ball
2-1: Swinging Strike
2-2: Ball
3-2: DOUBLE (Line Drive, 89D, EV 100.0 MPH)
Brad Benson scores
Héctor Castro to third
Batting: SHB Dominic Sackett Jr. 0-0: Intentional Walk
Batting: LHB Will Bettelheim 0-0: Called Strike
0-1: Swinging Strike
0-2: Ball
1-2: Strikes out swinging
Batting: RHB Bobby Castoro 0-0: Foul Ball, location: 2LF
0-1: Ball
1-1: Foul Ball, location: 25F
1-2: Foul Ball, location: 9LSF
1-2: Ball
2-2: Foul Ball, location: 9LSF
2-2: Foul Ball, location: 2F
2-2: Foul Ball, location: 23F
2-2: SINGLE (Groundball, 4MD, EV 96.9 MPH)
Héctor Castro scores
Beau Wainright to third
Dominic Sackett Jr. to second
Pitching: RHP Jong-kook Kym
Batting: LHB Dan Gaccione 0-0: Called Strike
0-1: Ball
1-1: Ball
2-1: SINGLE (Line Drive, 6MD, EV 96.9 MPH)
Beau Wainright scores
Dominic Sackett Jr. to third
Bobby Castoro to second
Batting: SHB Jesús Escobedo 0-0: Ball
1-0: Ball
2-0: Called Strike
2-1: Fly out, F8 (Line Drive, 8LM, EV 93.8 MPH)
Runner from 3rd tags up, SCORES, throw by CF
Batting: RHB Dave Goff 0-0: Ground out U3 (Groundball, 34S, EV 81.9 MPH)
Top of the 6th over - 4 runs, 4 hits, 1 error, 2 left on base; Memphis 7 - Washington 1
BOTTOM OF THE 6TH
Washington Generals batting - Pitching for Memphis Blues : RHP Jim Shue
Pitching: RHP Edgar Gómez
Batting: SHB Dave Silva 0-0: Ball
1-0: Ball
2-0: Ball
3-0: Base on Balls
Batting: RHB Théo Angot 0-0: Called Strike
0-1: Grounds into double play, 5-4-3 (Groundball, 56, EV 99.4 MPH)
Batting: RHB Sean Forward 0-0: Fly out, F8 (Flyball, 8LM, EV 98.1 MPH)
Bottom of the 6th over - 0 runs, 0 hits, 0 errors, 0 left on base; Memphis 7 - Washington 1
TOP OF THE 7TH
Memphis Blues batting - Pitching for Washington Generals : RHP Jong-kook Kym
Batting: RHB Brad Benson 0-0: Ball
1-0: Ball
2-0: Foul Ball, location: 7LSF
2-1: Foul Ball, location: 2F
2-2: Ball
3-2: Reached on error, E4 (Groundball, 4, EV 107.5 MPH)
Batting: RHB Héctor Castro 0-0: Ball
Brad Benson steals 2nd base
1-0: SINGLE (Flyball, 8LS, EV 90.0 MPH)
Brad Benson to third
Batting: LHB Beau Wainright 0-0: Foul Ball, location: 7LDF
0-1: Swinging Strike
0-2: Ball
1-2: Ball
2-2: Foul Ball, location: 2F
2-2: Ball
3-2: DOUBLE (Line Drive, 89D, EV 108.8 MPH)
Brad Benson scores
Héctor Castro to third
Runner from 3rd tries for Home, SAFE, throw by CF to trailing runner, SAFE at third!
Batting: SHB Dominic Sackett Jr. 0-0: SINGLE (Groundball, 6MD, EV 105.0 MPH) (infield hit)
Beau Wainright scores
Batting: LHB Will Bettelheim 0-0: Called Strike
0-1: Called Strike
0-2: Ball
1-2: Fly out, F7 (Line Drive, 7S, EV 92.5 MPH)
Pitching: RHP Arturo Quintanilla
Batting: RHB Bobby Castoro 0-0: Ball
1-0: Called Strike
1-1: Grounds into double play, 6-4-3 (Groundball, 6, EV 88.8 MPH)
Top of the 7th over - 3 runs, 3 hits, 1 error, 0 left on base; Memphis 10 - Washington 1
BOTTOM OF THE 7TH
Washington Generals batting - Pitching for Memphis Blues : RHP Edgar Gómez
Batting: LHB Don Stango 0-0: Called Strike
0-1: Ball
1-1: Ground out 3-1 (Groundball, 34, EV 99.4 MPH)
Pinch Hitting: SHB Sam Brison 0-0: Ball
1-0: Ball
2-0: Called Strike
2-1: Ball
3-1: Ground out 4-3 (Groundball, 4, EV 88.1 MPH)
Batting: LHB José Deleón 0-0: Ball
1-0: Swinging Strike
1-1: Swinging Strike
1-2: Ball
2-2: Strikes out swinging
Bottom of the 7th over - 0 runs, 0 hits, 0 errors, 0 left on base; Memphis 10 - Washington 1
TOP OF THE 8TH
Memphis Blues batting - Pitching for Washington Generals : RHP Arturo Quintanilla
Now at SS: Sam Brison
Batting: LHB Dan Gaccione 0-0: Called Strike
0-1: Ball
1-1: Ball
2-1: Foul Ball, location: 2F
2-2: SINGLE (Line Drive, 56D, EV 98.8 MPH)
Batting: SHB Jesús Escobedo 0-0: Ball
1-0: Ball
Wild Pitch!
Dan Gaccione to second
2-0: Called Strike
2-1: Foul Ball, location: 9LDF
2-2: Ball
3-2: Ground out 4-3 (Groundball, 4S, EV 64.4 MPH)
Dan Gaccione to third
Batting: RHB Dave Goff 0-0: Called Strike
0-1: Ball
1-1: Swinging Strike
1-2: Fly out, F6 (Popup, 25, EV 88.1 MPH)
Batting: RHB Brad Benson 0-0: Ball
1-0: Called Strike
1-1: 2-RUN HOME RUN (Flyball, 7LD, EV 96.9 MPH), Distance : 360 ft
Batting: RHB Héctor Castro 0-0: Called Strike
0-1: Ball
1-1: Swinging Strike
1-2: SOLO HOME RUN (Flyball, 7LD, EV 98.8 MPH), Distance : 367 ft
Batting: LHB Beau Wainright 0-0: Called Strike
0-1: Ball
1-1: Ball
2-1: SOLO HOME RUN (Line Drive, 9D, EV 97.5 MPH), Distance : 379 ft
Batting: SHB Dominic Sackett Jr. 0-0: Ball
1-0: Ball
2-0: Ball
3-0: Base on Balls
Pitching: LHP Lazlo Stromain
Batting: LHB Will Bettelheim 0-0: Called Strike
0-1: Called Strike
0-2: Strikes out swinging
Top of the 8th over - 4 runs, 4 hits, 0 errors, 1 left on base; Memphis 14 - Washington 1
BOTTOM OF THE 8TH
Washington Generals batting - Pitching for Memphis Blues : RHP Edgar Gómez
Batting: RHB Josh Comingore 0-0: Foul Ball, location: 25F
0-1: Ball
1-1: Called Strike
1-2: Ball
2-2: Ball
3-2: Reached on error, E5 (Groundball, 56, EV 100.0 MPH)
Pinch Hitting: RHB José Bustamante 0-0: Ball
1-0: Called Strike
1-1: Ball
2-1: Ball
3-1: SINGLE (Flyball, 78S, EV 101.9 MPH)
Josh Comingore to second
Batting: LHB Mike Chachere 0-0: Ball
Wild Pitch!
Josh Comingore to third
José Bustamante to second
1-0: Foul Ball, location: 3FF
1-1: Fly out, F9 (Line Drive, 89M, EV 105.6 MPH)
Runner from 3rd tags up, SCORES, throw by RF
Batting: SHB Dave Silva 0-0: Ball
1-0: Called Strike
1-1: Ball
2-1: Fly out, F7 (Flyball, 7LD, EV 102.5 MPH)
Runner from 2nd tags up, SAFE at 3rd, no throw by LF
Pinch Hitting: SHB Ivan Zamorano 0-0: Called Strike
0-1: Called Strike
0-2: Strikes out swinging
Bottom of the 8th over - 1 run, 1 hit, 1 error, 1 left on base; Memphis 14 - Washington 2
TOP OF THE 9TH
Memphis Blues batting - Pitching for Washington Generals : LHP Lazlo Stromain
Now at 2B: Wen-huan Sung
Now at 3B: José Bustamante
Batting: RHB Bobby Castoro 0-0: Foul Ball, location: 9LSF
0-1: Called Strike
0-2: Strikes out looking
Batting: LHB Dan Gaccione 0-0: SINGLE (Line Drive, 8LS, EV 98.8 MPH)
Batting: SHB Jesús Escobedo 0-0: Called Strike
0-1: Swinging Strike
0-2: Foul Ball, location: 2F
0-2: Strikes out looking
Batting: RHB Dave Goff 0-0: Foul Ball, location: 9LSF
0-1: Foul Ball, location: 23F
0-2: Foul Ball, location: 25F
0-2: Strikes out looking
Top of the 9th over - 0 runs, 1 hit, 0 errors, 1 left on base; Memphis 14 - Washington 2
BOTTOM OF THE 9TH
Washington Generals batting - Pitching for Memphis Blues : RHP Edgar Gómez
Pitching: LHP Liam Deschaine
Batting: RHB Sean Forward 0-0: Foul Ball, location: 5FF
0-1: Fly out, F9 (Flyball, 9, EV 90.0 MPH)
Batting: LHB Don Stango 0-0: Foul Ball, location: 2F
0-1: Ball
1-1: Ball
2-1: Ball
3-1: Fly out, F9 (Flyball, 9S, EV 90.6 MPH)
Batting: SHB Sam Brison 0-0: Ground out U3 (Groundball, 3, EV 98.8 MPH)
Bottom of the 9th over - 0 runs, 0 hits, 0 errors, 0 left on base; Memphis 14 - Washington 2
Tuesday, March 12th , 2024 - OOTP Baseball 24.11 Build 85